 Dungeon Crawl Stone Soup version 0.28.0-1-gb440e238dd (webtiles) character file.

Game seed: 2553597505407962637

32 Ablot the Grasshopper (level 3, -1/31 HPs)
             Began as a Gnoll Warper on Feb 24, 2022.
             Slain by an iguana (9 damage)
             ... on level 2 of the Dungeon.
             The game lasted 00:01:23 (1806 turns).

Ablot the Grasshopper (Gnoll Warper)                Turns: 1806, Time: 00:01:23

Health: -1/31      AC:  5    Str: 12    XL:     3   Next: 27%
Magic:  9/9        EV: 12    Int: 12    God:
Gold:   64         SH:  0    Dex: 11    Spells: 10/12 levels left

rFire   . . .      SeeInvis .   a - +0 spear
rCold   . . .      Faith    .   (no shield)
rNeg    . . .      Spirit   .   b - +0 leather armour
rPois   .          Reflect  .   f - +0 helmet
rElec   .          Harm     .   (no cloak)
rCorr   .          Rampage  .   m - +0 pair of gloves
Will    .....                   (no boots)
Stlth   +.........              (no amulet)
HPRegen 0.10/turn               (no ring)
MPRegen 0.11/turn               (no ring)

@: no status effects
A: fangs 1, strong nose, distributed training
a: no special abilities


You were on level 2 of the Dungeon.
You visited 1 branch of the dungeon, and saw 2 of its levels.

You collected 64 gold pieces.

Inventory:

Hand Weapons
 a - a +0 spear (weapon)
Missiles
 d - 5 boomerangs of dispersal (quivered)
 g - 47 stones
 k - 19 arrows
 q - 2 poisoned darts
 s - 3 curare-tipped darts
 t - 23 bolts
 v - 12 sling bullets
Armour
 b - a +0 leather armour (worn)
 f - a +0 helmet (worn)
 m - a +0 pair of gloves (worn)
Jewellery
 j - a ring of fire
Scrolls
 c - a scroll of blinking
 i - 2 scrolls of magic mapping {unknown}
 n - 2 scrolls of summoning {unknown}
 o - a scroll of fog {unknown}
 p - 3 scrolls of identify {unknown}
 r - a scroll of noise {unknown}
 u - a scroll of teleportation {unknown}
Potions
 e - a potion of curing {unknown}
 h - a potion of haste {unknown}
 l - a potion of heal wounds {unknown}


   Skills:
 + Level 4.5 Fighting
 + Level 0.7 Short Blades
 + Level 0.7 Long Blades
 + Level 0.7 Axes
 + Level 0.7 Maces & Flails
 + Level 4.5 Polearms
 + Level 0.7 Staves
 + Level 0.7 Slings
 + Level 0.7 Bows
 + Level 0.7 Crossbows
 + Level 2.6 Throwing
 + Level 2.6 Armour
 + Level 4.5 Dodging
 + Level 0.7 Stealth
 + Level 0.7 Shields
 + Level 0.7 Unarmed Combat
 + Level 5.0 Spellcasting
 + Level 0.5 Conjurations
 + Level 0.5 Hexes
 + Level 0.5 Summonings
 + Level 0.5 Necromancy
 + Level 5.4 Translocations
 + Level 0.5 Transmutations
 + Level 0.5 Fire Magic
 + Level 0.5 Ice Magic
 + Level 0.5 Air Magic
 + Level 0.5 Earth Magic
 + Level 0.5 Poison Magic
 + Level 0.9 Invocations
 + Level 0.7 Evocations


You had 10 spell levels left.
You knew the following spells:

 Your Spells              Type           Power      Damage    Failure   Level
a - Blink                 Tloc           32%        N/A       4%          2

Your spell library contained the following spells:

 Spells                   Type           Power      Damage    Failure   Level
 Gell's Gravitas          Tloc           16%        N/A       9%          3
 Lesser Beckoning         Tloc           16%        N/A       9%          3
 Teleport Other           Tloc           16%        N/A       9%          3
 Manifold Assault         Tloc           16%        N/A       58%         5


Dungeon Overview and Level Annotations

Branches:
Dungeon (2/15)

Altars:


Innate Abilities, Weirdness & Mutations

You have very sharp teeth.
Your uncanny sense of smell can sniff out nearby items.
Your experience applies equally to all skills.


Message History

The bat hits you but does no damage. The bat barely misses you.
Reach: a) +0 spear
Press: ? - help, Dir - move target, f - bat
Aim: a bat (about 50% to evade your +0 spear)
You reach to attack!
You hit the bat but do no damage. The bat barely misses you.
Reach: a) +0 spear
Press: ? - help, Dir - move target, f - iguana, p - bat
Aim: an iguana (moderately wounded, about 34% to evade your +0 spear)
You reach to attack!
You closely miss the iguana.
The iguana is moderately wounded.
The bat misses you. The bat closely misses you.
Reach: a) +0 spear
Press: ? - help, Dir - move target, f/p - iguana
Aim: an iguana (moderately wounded, about 34% to evade your +0 spear)
The bat is in the way.
You hit the bat. You bite the bat.
You kill the bat!
You hit the iguana but do no damage.
The iguana is moderately wounded.
The iguana closely misses you.
You closely miss the iguana.
The iguana is moderately wounded.
You hit the iguana. Your bite misses the iguana.
The iguana is heavily wounded.
The iguana bites you!
* * * LOW HITPOINT WARNING * * *
You closely miss the iguana.
The iguana is heavily wounded.
The iguana barely misses you.
You hit the iguana but do no damage. You bite the iguana, but do no damage.
The iguana is heavily wounded.
The iguana bites you but does no damage.
You hit the iguana but do no damage. Your bite misses the iguana.
The iguana is heavily wounded.
The iguana misses you.
You hit the iguana but do no damage. You bite the iguana, but do no damage.
The iguana is heavily wounded.
The iguana bites you!
You die...

#.......... #...#.#.
#.......... #####.#
#.......(.. ...
#..[....... ##.# ##
#####.......... .#
...#......g....... ..
...#.......# #.
......##.#### #....#.gl@.#
#....#..##.####### ∆
#....####........#
#....##....#####.#
#....##.#........#
#....##.......#..#
##...####.###.#..#
#########...########....##
...................###...#


You could see an iguana and a hobgoblin.

Vanquished Creatures
  A worm (D:2)
  A dart slug (D:1)
  2 ball pythons (D:1)
  An endoplasm (D:2)
  A giant cockroach (D:2)
  6 hobgoblins
  4 jackals (D:1)
  A kobold (D:1)
  3 quokkas
  3 bats
23 creatures vanquished.

Notes
Turn   | Place    | Note
-------+----------+-------------------------------------------
     0 | D:1      | Ablot the Gnoll Warper began the quest for the Orb.
     0 | D:1      | Reached XP level 1. HP: 20/20 MP: 6/6
   287 | D:1      | Found a faded altar of an unknown god.
   343 | D:1      | Reached XP level 2. HP: 18/26 MP: 7/7
   346 | D:1      | Learned a level 2 spell: Blink
  1437 | D:2      | Reached XP level 3. HP: 31/31 MP: 9/9
  1440 | D:2      | Reached skill level 5 in Spellcasting
  1806 | D:2      | Slain by an iguana

Illustrated notes

Levels and vault maps discovered:
D:1:      saegor_arrival_simple_c, layout_basic,
          ebering_ecumenical_altar_abandoned
D:2:      layout_basic

Skill      XL: |  1  2  3 |
---------------+----------+-----
Spellcasting   | 5 |  5.0
Fighting       | |  4.5
Short Blades   | |  0.7
Long Blades    | |  0.7
Axes           | |  0.7
Maces & Flails | |  0.7
Polearms       | |  4.5
Staves         | |  0.7
Slings         | |  0.7
Bows           | |  0.7
Crossbows      | |  0.7
Throwing       | |  2.6
Armour         | |  2.6
Dodging        | |  4.5
Stealth        | |  0.7
Shields        | |  0.7
Unarmed Combat | |  0.7
Conjurations   | |  0.5
Hexes          | |  0.5
Summonings     | |  0.5
Necromancy     | |  0.5
Translocations | |  5.4
Transmutations | |  0.5
Fire Magic     | |  0.5
Ice Magic      | |  0.5
Air Magic      | |  0.5
Earth Magic    | |  0.5
Poison Magic   | |  0.5
Invocations    | |  0.9
Evocations     | |  0.7

Action                   || total
-------------------------++-------
Melee: Spear             ||   130
       Bite              ||    13
       Punch             ||     1
Armor: Leather armour    ||    40
Dodge: Dodged            ||    88
